 Dungeon Crawl Stone Soup version 0.26-b1-32-g5d43845318 (webtiles) character file.

Game seed: 16016397315816576874

22055 EnegeticOcto the Cleaver (level 12, -5/112 HPs)
             Began as a Deep Dwarf Fighter on Jan 6, 2021.
             Was the Champion of Makhleb.
             Slain by an orc warrior
             ... wielding a +0 battleaxe
              (35 damage)
             ... on level 2 of the Orcish Mines.
             The game lasted 00:08:12 (8990 turns).

EnegeticOcto the Cleaver (Deep Dwarf Fighter)       Turns: 8990, Time: 00:08:12

Health: -5/112     AC: 25    Str: 25    XL:     12   Next: 59%
Magic:  8/8        EV: 12    Int:  9    God:    Makhleb [******]
Gold:   1686       SH:  0    Dex: 12    Spells: 11/11 levels left

rFire    + . .     SeeInvis .   i - +6 battleaxe (vamp)
rCold    . . .     Faith    +   (shield currently unavailable)
rNeg     . . .     Spirit   .   D - +4 chain mail
rPois    .         Reflect  .   f - +2 helmet
rElec    .         Harm     .   F - +2 cloak {Stlth+}
rCorr    .         Rampage  .   s - +0 pair of gloves
Will     +....                  p - +0 pair of boots
Stlth    ..........             l - amulet of faith
HPRegen  0.00/turn              z - ring of protection from fire
MPRegen  0.11/turn              (no ring)

@: non-regenerating
A: damage resistance, heal wounds, sense surroundings 2, no regeneration
a: Heal Wounds, Renounce Religion, Minor Destruction, Lesser Servant of Makhleb,
Major Destruction, Greater Servant of Makhleb


You were on level 2 of the Orcish Mines.
You worshipped Makhleb.
Makhleb was exalted by your worship.
You visited 3 branches of the dungeon, and saw 15 of its levels.
You also visited: Bailey.

You collected 2011 gold pieces.
You spent 325 gold pieces at shops.

Inventory:

Hand Weapons
 a - a +0 broad axe
 i - a +6 vampiric battleaxe (weapon)
 n - a +2 vorpal battleaxe
Armour
 c - a +0 kite shield
 f - a +2 helmet (worn)
 p - a +0 pair of boots (worn)
 s - a +0 pair of gloves (worn)
 D - a +4 chain mail (worn)
 F - a +2 cloak of stealth (worn)
Jewellery
 l - an amulet of faith (around neck)
 z - a ring of protection from fire (left hand)
Wands
 t - a wand of disintegration (33)
 u - a wand of acid (6) {@v1}
 w - a wand of enslavement (18)
Scrolls
 b - 4 scrolls of blinking {@r4}
 g - a scroll of fear
 h - 3 scrolls of magic mapping {@r5}
 o - a scroll of summoning
 q - a scroll of teleportation {@r3}
 x - 3 scrolls of remove curse {@r2}
 y - a scroll of fog
Potions
 d - 4 potions of might {@q3}
 e - 6 potions of curing {@q1}
 j - 2 potions of mutation
 k - 3 potions of cancellation
 m - 2 potions of heal wounds {@q2}
 r - 2 potions of haste {@q4}
 v - a potion of attraction
 B - a potion of ambrosia {unknown}
Miscellaneous
 A - a lightning rod (4/4)


   Skills:
 + Level 8.4 Fighting
 * Level 13.2 Axes
 + Level 10.0 Armour
 + Level 8.2 Dodging
 - Level 5.6 Shields
 + Level 10.0 Invocations
 + Level 6.2 Evocations


You had 11 spell levels left.
You didn't know any spells.
Your spell library was empty.

Dungeon Overview and Level Annotations

Branches:
Dungeon (12/15)            Temple (1/1) D:5            Lair (0/6) D:9
    Orc (2/2) D:12            Elf (0/3) Orc:2        Bailey (visited)

Altars:
Ashenzari
Dithmenos
Fedhas
Gozag
Hepliaklqana
Kikubaaqudgha
Makhleb
Okawaru
Qazlal
Ru
Sif Muna
Trog
Uskayaw
Vehumet
Wu Jian
Xom
Yredelemnul
Zin

Shops:
D:6 :[(

Annotations:
D:4 1 runed translucent door
D:6 2 transporters, Qoitotus's ghost, novice NaFi
D:7 3 runed translucent doors, exclusion: goblin, Prince Ribbit; trm's ghost, novice DsCj


Innate Abilities, Weirdness & Mutations

You are resistant to damage.
You can heal yourself by infusing magical energy.
You passively map the area around you.
You do not regenerate.


Message History

You barely miss the orc. You hit the orc knight.
You hear a shout!
The orc priest misses you.
An orc priest comes into view. It is wielding a +0 dagger.
The orc knight hits you with a +0 war axe!
An orc priest comes into view. It is wielding a +0 hand axe.
The orc knight hits you but does no damage.
The orc completely misses you.
The orc warrior throws a boomerang.
The boomerang hits you but does no damage.
The weapon returns to the orc warrior!
You slice the orc knight!!
You kill the orc knight!
Makhleb accepts your kill.
You feel better.
You hit the orc but do no damage. You barely miss the orc knight.
The orc warrior no longer looks unusually strong.
The orc priest closely misses you. The orc barely misses you.
Your Invocations skill increases to level 10!
You hit the orc knight but do no damage.
The orc knight is lightly wounded.
You slash the orc!
You feel better.
You kill the orc!
Makhleb accepts your kill.
You feel better.
You barely miss the orc warrior.
The orc warrior no longer looks unusually strong.
The orc priest no longer looks unusually strong.
The orc priest calls down the wrath of Beogh upon you.
Beogh smites you!
The orc high priest invokes the aid of Beogh against you.
Beogh smites you!
The orc knight hits you but does no damage.
You hear a shout! x3
You slice the orc knight!!
You feel better.
The orc knight is moderately wounded.
You hit the orc warrior.
You feel better.
The orc priest calls upon Beogh to heal the orc warrior.
The orc warrior's wounds heal themselves!
The orc warrior hits you but does no damage.
You barely miss the orc knight.
The orc knight is moderately wounded.
You slash the orc warrior!
You feel better.
The orc warrior no longer looks unusually strong.
The orc knight hits you with a +2 great mace of protection!
The orc priest hits you from afar with a +0 trident!
An orc comes into view. It is wielding a +0 whip.
You barely miss the orc knight.
The orc knight is moderately wounded.
You closely miss the orc warrior.
The orc shouts!
You hear a shout!
The orc priest no longer looks unusually strong.
The orc priest calls down the wrath of Beogh upon you.
Beogh smites you! The orc warrior barely misses you.
The orc priest barely misses you.
An orc priest comes into view.
The orc knight hits you with a +2 great mace of protection.
The orc high priest calls down the wrath of Beogh upon you.
Beogh smites you!
You slash the orc knight!
The orc knight is heavily wounded.
You slice the orc warrior!!
You feel better.
You slash the orc warrior!
You feel better.
The orc priest hits you from afar with a +0 trident.
The orc priest calls down the wrath of Beogh upon you.
Beogh smites you!
The orc warrior hits you but does no damage.
The orc knight hits you with a +2 great mace of protection!!
The orc priest begins to cast a cantrip, but forgets the words!
The orc warrior hits you with a +0 war axe.
You are too injured to fight recklessly!
You are too injured to fight recklessly!
You are too injured to fight recklessly!
You are too injured to fight recklessly!
You are too injured to fight recklessly!
You are too injured to fight recklessly!
You are too injured to fight recklessly!
You are too injured to fight recklessly!
You are too injured to fight recklessly!
You are too injured to fight recklessly!
You are too injured to fight recklessly!
You are too injured to fight recklessly!
You are too injured to fight recklessly!
The orc high priest no longer looks unusually strong.
The orc priest begins to cast a cantrip, but forgets the words!
The orc knight hits you with a +2 great mace of protection!
* * * LOW HITPOINT WARNING * * *
You feel much better.
The orc priest calls upon Beogh to heal the orc warrior.
The orc warrior is healed somewhat.
The orc warrior hits you from afar with a +1 halberd of protection.
The orc high priest invokes the aid of Beogh against you.
Beogh smites you!
The orc knight no longer looks unusually strong.
The orc priest no longer looks unusually strong.
The orc knight roars a battlecry!
The orcs go into a battle-frenzy!
The orc high priest mumbles some strange prayers to Beogh against you.
Beogh smites you!
* * * LOW HITPOINT WARNING * * *
The orc warrior hits you with a +0 battleaxe!!!
You die...

, ,,* , , , ,
,......,,,
*...#..o #.....o,,
* #..#o.o* #....o
####ooo#####
##.#...oo.@.#
#......ooo..#
##...........##
##.............##
#...............#
##...#..........##
#.............###
##..#..#.#....#
##......###...#


You could see an orc knight, an orc high priest (strong), 3 orc warriors and 3
orc priests.

Vanquished Creatures
  Gastronok (D:9)
  A stone giant (Orc:2)
  A death knight (D:11)
  A two-headed ogre (D:11)
  Urug (D:11)
  3 skeletal warriors (D:11)
  An unseen horror (D:11)
  3 orc knights
  Pikel (D:6)
  An orc sorcerer (Orc:2)
  A cyclops (D:11)
  Joseph (D:7)
  Maurice (D:10)
  2 kobold demonologists
  A queen bee (D:8)
  3 trolls
  A wraith (D:10)
  5 yaks (D:11)
  A steam dragon (D:11)
  5 wargs
  Edmund (D:6)
  A water moccasin (D:10)
  Duvessa (D:5)
  2 necrophages
  A sky beast (D:11)
  20 orc warriors
  An eye of draining (D:12)
  7 ice beasts
  8 ogres
  4 phantoms
  2 centaurs
  2 lemures (D:6)
  Blork the orc (D:6)
  7 bullfrogs
  Dowan (D:5)
  4 scorpions
  A wyvern skeleton (D:9)
  21 killer bees
  11 wights
  3 electric eels (Bailey)
  10 howler monkeys
  6 jellies
  The ghost of crux the Sneak, a weakling SpEn of Dithmenos (D:4)
  5 bullfrog skeletons
  5 hounds
  20 orc priests
  A gnoll shaman (D:6)
  5 iguanas
  15 orc wizards
  4 worker ants
  A howler monkey skeleton (D:11)
  12 adders
  8 gnolls
  A river rat (D:4)
  2 shadow imps
  4 white imps
  3 ufetubi
  2 oozes
  3 adder zombies
  6 worms
  2 dart slugs
  8 leopard geckos
  52 orcs
  2 ball pythons
  3 giant cockroaches
  16 goblins
  9 hobgoblins
  22 jackals
  9 kobolds
  3 quokkas
  3 bats
  2 frilled lizards
  A jackal skeleton (D:8)
  A jackal zombie (D:5)
  A leopard gecko skeleton (D:5)
  3 rats
385 creatures vanquished.

Vanquished Creatures (collateral kills)
  A kobold demonologist (Bailey)
  2 orc warriors (Bailey)
  A wight (D:11)
  An electric eel (Bailey)
  3 orcs (Bailey)
  A goblin (Bailey)
  2 hobgoblins (Bailey)
11 creatures vanquished.

Vanquished Creatures (others)
  4 plants (D:8)
4 creatures vanquished.

Grand Total: 400 creatures vanquished

Notes
Turn   | Place    | Note
-------+----------+-------------------------------------------
     0 | D:1      | EnegeticOcto the Deep Dwarf Fighter began the quest for the
                  | Orb.
     0 | D:1      | Reached XP level 1. HP: 20/20 MP: 1/1
   306 | D:1      | Reached XP level 2. HP: 25/27 MP: 2/2
   556 | D:2      | Reached skill level 3 in Axes
   559 | D:2      | Reached XP level 3. HP: 25/33 MP: 3/3
   782 | D:2      | Reached XP level 4. HP: 22/42 MP: 4/4
  1059 | D:4      | Reached skill level 4 in Axes
  1059 | D:4      | Reached XP level 5. HP: 46/49 MP: 5/5
  1090 | D:4      | Found a shadowy altar of Dithmenos.
  1294 | D:4      | Found a runed translucent door.
  1295 | D:4      | Noticed crux's ghost (weakling SpEn)
  1352 | D:4      | Found a runed translucent door.
  1665 | D:4      | Reached XP level 6. HP: 37/57 MP: 6/6
  1671 | D:4      | Killed crux's ghost
  1752 | D:5      | Entered Level 5 of the Dungeon
  1758 | D:5      | Noticed an ice beast
  1769 | D:5      | Killed an ice beast
  1770 | D:5      | Reached skill level 5 in Axes
  1837 | D:5      | Reached XP level 7. HP: 34/64 MP: 6/6
  1866 | D:5      | Reached skill level 5 in Armour
  1866 | D:5      | Reached skill level 5 in Shields
  1934 | D:5      | Found an ornate altar of the Wu Jian Council.
  1986 | D:5      | Noticed Dowan
  1987 | D:5      | Noticed Duvessa
  1994 | D:5      | Killed Duvessa
  1995 | D:5      | Reached skill level 6 in Axes
  1995 | D:5      | Killed Dowan
  2011 | D:5      | Found a basalt altar of Yredelemnul.
  2014 | D:5      | Found an iron altar of Okawaru.
  2017 | D:5      | Found a shadowy altar of Dithmenos.
  2058 | D:5      | Found a staircase to the Ecumenical Temple.
  2070 | Temple   | Entered the Ecumenical Temple
  2084 | Temple   | Became a worshipper of Makhleb the Destroyer
  2271 | D:5      | Reached skill level 1 in Invocations
  2399 | D:5      | Reached XP level 8. HP: 50/73 MP: 7/7
  2591 | D:6      | Found Voir's Weapon Emporium.
  2620 | D:6      | Noticed Pikel
  2644 | D:6      | Killed Pikel
  2645 | D:6      | Reached skill level 5 in Fighting
  2645 | D:6      | Reached skill level 7 in Axes
  2645 | D:6      | Reached skill level 1 in Dodging
  2734 | D:6      | Found Paumeacs's Antique Armour Emporium.
  2809 | D:6      | Reached skill level 8 in Axes
  2811 | D:6      | Reached * piety under Makhleb
  2843 | D:6      | Found Yworch's Book Shop.
  2935 | D:6      | Noticed Blork the orc
  2957 | D:6      | Killed Blork the orc
  3075 | D:6      | Gained mutation: You passively map the area around you.
                  | [Deep Dwarf growth]
  3075 | D:6      | Reached XP level 9. HP: 67/81 MP: 6/6
  3217 | D:6      | Noticed Edmund
  3225 | D:6      | Killed Edmund
  3275 | D:6      | Found a transporter.
  3276 | D:6      | Noticed Qoitotus's ghost (novice NaFi)
  3276 | D:6      | Identified the +3 great mace "Toossoh" {vorpal, Dex+4}
  3276 | D:6      | Identified the +9 great mace of Ocadorry {vorpal, Int+2
                  | Dex+4}
  3276 | D:6      | Noticed a two-headed ogre
  3329 | D:6      | Found a transporter.
  3525 | D:7      | Noticed Joseph
  3566 | D:7      | Killed Joseph
  3567 | D:7      | Reached skill level 9 in Axes
  3567 | D:7      | Reached skill level 5 in Invocations
  3630 | D:7      | Reached ** piety under Makhleb
  3758 | D:7      | Noticed Prince Ribbit
  3768 | D:7      | Found a runed translucent gate.
  3777 | D:7      | Noticed trm's ghost (novice DsCj)
  3778 | D:7      | Found a runed translucent gate.
  3778 | D:7      | Found a runed translucent gate.
  4181 | D:6      | Bought a +2 vorpal battleaxe for 325 gold pieces
  4619 | D:8      | Found a blossoming altar of Fedhas.
  4760 | D:8      | Reached XP level 10. HP: 36/91 MP: 7/7
  4865 | D:8      | Reached skill level 10 in Axes
  4891 | D:8      | Reached *** piety under Makhleb
  5458 | D:8      | Reached skill level 5 in Dodging
  5689 | D:9      | Found a hide-covered altar of Uskayaw.
  5689 | D:9      | Noticed a +0 dagger
  5689 | D:9      | Noticed a +0 hand axe
  5755 | D:9      | Noticed Gastronok
  5776 | D:9      | Killed Gastronok
  5777 | D:9      | Reached skill level 11 in Axes
  5795 | D:9      | Reached **** piety under Makhleb
  5927 | D:9      | Reached XP level 11. HP: 64/100 MP: 8/8
  5976 | D:9      | Found a flagged portal.
  5998 | Bailey   | Entered a bailey
  6040 | Bailey   | Found an iron altar of Okawaru.
  6040 | Bailey   | Noticed an orc knight
  6055 | Bailey   | Killed an orc knight
  6056 | Bailey   | Reached skill level 1 in Evocations
  6060 | Bailey   | Noticed a sun demon
  6386 | Bailey   | Found the +7 great mace "Undeadhunter" {disrupt, rN+}
  6435 | Bailey   | Acquired 546 gold pieces
  6481 | D:9      | Found a staircase to the Lair.
  6537 | D:10     | Entered Level 10 of the Dungeon
  6678 | D:10     | Noticed Maurice
  6689 | D:10     | Killed Maurice
  6784 | D:10     | Reached ***** piety under Makhleb
  7733 | D:11     | Reached skill level 12 in Axes
  7739 | D:11     | Noticed a skeletal warrior
  7739 | D:11     | Noticed a skeletal warrior
  7739 | D:11     | Noticed a skeletal warrior
  7740 | D:11     | Noticed a death knight
  7740 | D:11     | Noticed a two-headed ogre
  7757 | D:11     | Killed a death knight
  7764 | D:11     | Killed a skeletal warrior
  7776 | D:11     | Killed a skeletal warrior
  7781 | D:11     | Killed a two-headed ogre
  7797 | D:11     | Killed a skeletal warrior
  7810 | D:11     | Noticed Urug
  7811 | D:11     | Noticed a sixfirhy
  7827 | D:11     | Killed Urug
  7828 | D:11     | Reached XP level 12. HP: 79/110 MP: 7/7
  8041 | D:11     | Reached ****** piety under Makhleb
  8224 | D:11     | Reached skill level 5 in Evocations
  8429 | D:12     | Found a staircase to the Orcish Mines.
  8448 | Orc:1    | Entered Level 1 of the Orcish Mines
  8613 | Orc:2    | Entered Level 2 of the Orcish Mines
  8689 | Orc:2    | Noticed a stone giant
  8701 | Orc:2    | Reached skill level 13 in Axes
  8707 | Orc:2    | Killed a stone giant
  8713 | Orc:2    | Found a staircase to the Elven Halls.
  8834 | Orc:2    | Found a radiant altar of Vehumet.
  8958 | Orc:2    | Reached skill level 10 in Armour
  8979 | Orc:2    | Noticed an orc high priest
  8983 | Orc:2    | Reached skill level 10 in Invocations
  8990 | Orc:2    | Slain by an orc warrior

Illustrated notes

Levels and vault maps discovered:
D:1:      dpeg_arrival_windows_large_door, layout_basic, palyth_stone_intersect,
          chequers_serial_rivers_small_a, hangedman_decor_lopped
D:2:      layout_basic, chequers_ecumenical_altar_simple, grunt_ministairs_10
D:3:      minmay_octagon_keep, layout_rooms, chequers_serial_rivers_small_b,
          kennysheep_nondescript, uniq_grinder
D:4:      layout_basic, ebering_ghost_sewer_f, grunt_dithmenos_shadows
D:5:      layout_loops_ring, nicolae_overflow_hidden_temple, temple_hall,
          uniq_duvessa
D:6:      layout_basic, gammafunk_ghost_smash, serial_shops, shop,
          nicolae_shop_window_shopping, shop, uniq_edmund, uniq_blork_the_orc,
          uniq_pikel
D:7:      layout_basic, ebering_ghost_rock_garden, minmay_misc_feat_ornament,
          kennysheep_okawaru_gauntlet, uniq_prince_ribbit1, uniq_joseph
D:8:      layout_layer_cave, basic_altar, nicolae_looking_at_the_future
D:9:      layout_roguey, dancing_weapons_uskayaw, lair_entry_dummy,
          enter_bailey_5, uniq_gastronok
D:10:     layout_layer_cave, uniq_maurice
D:11:     layout_irregular_city, uniq_urug
D:12:     layout_irregular_city, minmay_orc_entry_guard_dogs
Temple:   lightli_temple_of_artemis
Orc:1:    layout_diamond_mine, uniq_snorg
Orc:2:    st_orc_pillars, layout_caves, basic_altar

Skill      XL: |  1  2  3  4  5  6  7  8  9 10 11 12 |
---------------+-------------------------------------+-----
Axes           | 3 4 5 6 8 9 11 12 13 | 13.2
Fighting       | 3 4 5 6 7 8 |  8.4
Armour         | 4 5 6 7 8 9 10 | 10.0
Shields        | 4 5 |  5.6
Invocations    | 1 3 5 7 9 10 | 10.0
Dodging        | 2 4 6 7 8 |  8.2
Evocations     | 4 6 |  6.2

Action                   |  1- 3 |  4- 6 |  7- 9 | 10-12 || total
-------------------------+-------+-------+-------+-------++-------
Melee: War axe           |    83 |   120 |   407 |       ||   610
       Battleaxe         |       |       |    47 |   619 ||   666
Invok: Lesser Servant of |       |       |       |     2 ||     2
 Abil: Heal Wounds       |       |     4 |    17 |    28 ||    49
Evoke: Wand              |       |       |       |     2 ||     2
  Use: Scroll            |       |    10 |     4 |     8 ||    22
 Stab: Distracted        |       |       |       |     2 ||     2
Armor: Chain mail        |    57 |    88 |       |   225 ||   370
       Plate armour      |       |    10 |   230 |   209 ||   449
Dodge: Dodged            |    20 |    27 |   110 |   394 ||   551
Block: Kite shield       |    52 |    73 |   230 |       ||   355
